 Dungeon Crawl Stone Soup version 0.20-a0-1020-g7b9e4fe (webtiles) character file.

2454 Murumi the Covert (level 9, 0/78 HPs)
             Began as a Naga Enchanter on Apr 18, 2017.
             Splashed by a jelly's acid (10 damage)
             ... on level 7 of the Dungeon.
             The game lasted 00:30:07 (6893 turns).

Murumi the Covert (Naga Enchanter)                  Turns: 6893, Time: 00:30:07

Health: 0/78       AC:  4    Str: 13    XL:     9   Next: 50%
Magic:  8/15       EV: 10    Int: 15    God:
Gold:   317        SH:  0    Dex: 15    Spells: 10/16 levels left

rFire    + + .     SeeInvis +   a - +1 dagger
rCold    x . .     Gourm    .   (no shield)
rNeg     . . .     Faith    .   l - +1 robe {Archmagi}
rPois    +         Spirit   .   (helmet restricted)
rElec    .         Reflect  .   w - +0 cloak
rCorr    .         Harm     .   k - +1 pair of gloves
MR       +....                  (no barding)
Stlth    +++++.....             j - amulet of rage
Regen    0.3/turn               g - ring of fire
MPRegen  0.2/turn               u - ring of protection from fire

@: exhausted, corroded, very slightly contaminated, slowed, very slow
A: antennae 1, see invisible, deformed body, poison resistance, screaming 1,
slowness 2, slow metabolism 1, spit poison 2, strong 1, AC +3
a: Breathe Poison Gas, Evoke Berserk Rage


You were on level 7 of the Dungeon.
You were not hungry.

You visited 1 branch of the dungeon, and saw 7 of its levels.
You also visited: Ossuary.

You collected 317 gold pieces.

Inventory:

Hand Weapons
 a - a +1 dagger (weapon)
Armour
 k - a +1 pair of gloves (worn)
 l - a +1 robe of the Archmagi (worn)
 w - a +0 cloak (worn)
Jewellery
 g - a ring of fire (left hand)
 j - an amulet of rage (around neck)
 u - a ring of protection from fire (right hand)
Wands
 r - a wand of iceblast (8/15)
 s - a wand of iceblast (7/15)
 t - a wand of lightning (4/15)
Scrolls
 e - 3 scrolls of teleportation
 f - 2 scrolls of fear
 i - a scroll of noise {unknown}
 n - a scroll of random uselessness {unknown}
 o - a scroll of enchant weapon {unknown}
 p - a scroll of magic mapping
 x - 3 scrolls of remove curse {unknown}
 y - a scroll of amnesia {unknown}
 z - a scroll of enchant armour
 D - 2 scrolls of fog {unknown}
 I - a scroll of recharging {unknown}
Potions
 m - a potion of berserk rage
 q - a potion of haste
 v - 4 potions of curing
 A - a potion of resistance
 B - a potion of invisibility
 C - a potion of might
 E - 2 potions of mutation
 F - 2 potions of flight
 G - a potion of brilliance
Books
 c - a book of Maledictions

   Spells                             Type                      Level
   a - Corona                         Hexes                        1
   b - Ensorcelled Hibernation        Hexes/Ice                    2
   c - Confuse                        Hexes                        3
   d - Tukima's Dance                 Hexes                        3
   e - Dazzling Spray                 Conjuration/Hexes            3
Comestibles
 b - a meat ration
 d - 6 bread rations
 h - 2 royal jellies
 H - a chunk of flesh


   Skills:
 - Level 4.0 Fighting
 - Level 6.0 Short Blades
 - Level 2.0 Dodging
 + Level 13.6 Stealth
 - Level 4.0 Spellcasting
 - Level 4.0 Hexes


You had 10 spell levels left.
You knew the following spells:

 Your Spells              Type           Power        Failure   Level  Hunger
a - Corona                Hex            ###....      3%          1    None
b - Ensorcelled Hibernat  Hex/Ice        ##....       12%         2    ##.....
c - Confuse               Hex            ###.....     12%         3    ###....


Dungeon Overview and Level Annotations

Branches:
Dungeon (7/15)             Temple (0/1) D:7

Altars:
Dithmenos
Gozag

Shops:
D:6 *


Innate Abilities, Weirdness & Mutations

You cannot wear boots.
Your serpentine skin is tough. (AC +3)
You have supernaturally acute eyesight. (SInv)
Armour fits poorly on your strangely shaped body.
Your system is resistant to poisons. (rPois)
You cover ground very slowly.
You have a slow metabolism.
You can exhale a cloud of poison.
You have a pair of small antennae on your head.
You occasionally shout uncontrollably at your foes.
Your muscles are strong. (Str +2)


Message History

You kill the orc wizard!
The orc throws a tomahawk of returning.
The tomahawk of returning hits you but does no damage.
The weapon returns to the orc!
You are no longer berserk.
You are exhausted.
You feel yourself slow down. The jelly barely misses you.
Things that are here:
a dagger; a robe; an orc corpse
Casting: Confuse
Confirm with . or Enter, or press ? or * to list all spells.
Aiming: Confuse
Press: ? - help, Shift-Dir - straight line, f - jelly
Aim: a jelly (chance to defeat MR: 61%)
You feel a surge of power!
The jelly resists with significant effort.
The jelly closely misses you. The jelly hits you.
* * * LOW HITPOINT WARNING * * *
The acid corrodes you!
You are splashed with acid!
The acid burns!
You die...

#.#..,,,,...,....,,*,**
#.#.#****#o#*#..,,,,,**
#.#.# #.# #JW,,,,,,*
#.#.# #.# #o#*,***,*
#####...# #.# #)#*,*
*,* .......## #.#
#(#*,* *,* .#####.# #.#
#.#*,* *,*
....##.#######.###.##.#
*,*
.##.............@J....#
*,*
.#####.#######.###.#..#
*,* .#####.# #.# #.#..#
*,* .......# #.# #.#,.#
*,* ######## #.# #.#,.#
*,******
#.#*#.#,,#**,,,,,,**
**#..,...,,,,,,,,,,,,,
**,...,,..,,**,,,,,,,**
*,,,,,,,,,,*,,,,,⌠,,,*


You could see a jelly.

Vanquished Creatures
  Sigmund (D:5)
  A water moccasin (D:7)
  A phantom (D:7)
  A sky beast (D:6)
  A black bear (D:6)
  2 ogres
  Blork the orc (D:5)
  A gnoll sergeant (D:7)
  A water moccasin zombie (Ossuary)
  A scorpion (D:6)
  A water moccasin skeleton (D:5)
  3 howler monkeys
  3 centaur zombies
  2 orc priests
  5 bullfrog zombies (Ossuary)
  3 hounds
  2 jellies (D:6)
  6 orc wizards
  2 iguanas
  7 worker ants
  A hound zombie (Ossuary)
  12 mummies (Ossuary)
  A howler monkey zombie (Ossuary)
  3 worker ant zombies (Ossuary)
  2 howler monkey skeletons
  5 gnolls (D:7)
  7 adders
  A shadow imp (D:6)
  2 adder zombies (Ossuary)
  2 adder skeletons (D:5)
  3 worms (D:2)
  A dart slug (D:2)
  5 leopard geckos
  13 orcs
  2 ball pythons
  2 bats
  4 giant cockroaches
  7 goblins
  9 hobgoblins
  3 jackals (D:3)
  A quokka (D:7)
  4 frilled lizards
  A goblin zombie (D:7)
  A jackal zombie (Ossuary)
  A leopard gecko skeleton (D:4)
  2 quokka skeletons
  2 quokka zombies (Ossuary)
  6 rats
148 creatures vanquished.

Vanquished Creatures (others)
  2 withered plants (Ossuary)
2 creatures vanquished.

Grand Total: 150 creatures vanquished

Notes
Turn   | Place    | Note
-------+----------+-------------------------------------------
     0 | D:1      | Murumi the Naga Enchanter began the quest for the Orb.
     0 | D:1      | Reached XP level 1. HP: 15/15 MP: 3/3
   628 | D:2      | Reached XP level 2. HP: 20/22 MP: 5/5
   634 | D:2      | Learned a level 2 spell: Ensorcelled Hibernation
   688 | D:2      | Reached skill level 5 in Stealth
   908 | D:2      | Reached skill level 1 in Fighting
   983 | D:2      | Reached XP level 3. HP: 26/31 MP: 6/6
  1199 | D:3      | Found a shadowy altar of Dithmenos.
  1267 | D:3      | Reached skill level 6 in Stealth
  1351 | D:3      | Reached XP level 4. HP: 19/38 MP: 7/7
  1357 | D:3      | Learned a level 3 spell: Confuse
  1885 | D:3      | Reached skill level 7 in Stealth
  2644 | D:3      | Reached XP level 5. HP: 44/44 MP: 8/8
  3031 | D:4      | Reached skill level 8 in Stealth
  3086 | D:4      | Noticed an ogre
  3092 | D:4      | Killed an ogre
  3092 | D:4      | Reached skill level 9 in Stealth
  3092 | D:4      | Reached XP level 6. HP: 51/51 MP: 6/9
  3342 | D:4      | Reached skill level 10 in Stealth
  3701 | D:5      | Entered Level 5 of the Dungeon
  3785 | D:5      | Noticed Blork the orc
  3789 | D:5      | Killed Blork the orc
  3851 | D:5      | Reached XP level 7. HP: 41/57 MP: 2/10
  3866 | D:5      | Noticed Sigmund
  3905 | D:5      | Killed Sigmund
  3905 | D:5      | Reached skill level 5 in Short Blades
  4615 | D:6      | Reached XP level 8. HP: 60/64 MP: 11/11
  4683 | D:6      | Gained mutation: You are surrounded by a mild repulsion field. (EV +2) [mutagenic meat]
  4684 | D:6      | Gained mutation: You are partially covered in rugged brown scales. (AC +1, +3% HP) [mutagenic meat]
  4924 | D:6      | Reached skill level 11 in Stealth
  4930 | D:6      | Found Gozag's Platinum Reserve.
  5267 | D:6      | Reached skill level 12 in Stealth
  5364 | D:6      | Found an opulent altar of Gozag.
  5531 | D:7      | Found a sand-covered staircase.
  5536 | Ossuary  | Entered an ossuary
  5617 | Ossuary  | Reached XP level 9. HP: 22/77 MP: 13/15
  5636 | Ossuary  | HP: 2/77 [mummy (15)]
  6131 | Ossuary  | Reached skill level 13 in Stealth
  6510 | Ossuary  | Lost mutation: You are surrounded by a mild repulsion field. (EV +2) [potion of mutation]
  6510 | Ossuary  | Lost mutation: You are partially covered in rugged brown scales. (AC +1, +3% HP) [potion of mutation]
  6510 | Ossuary  | Gained mutation: You can exhale a cloud of poison. [potion of mutation]
  6510 | Ossuary  | Gained mutation: You occasionally shout uncontrollably at your foes. [potion of mutation]
  6510 | Ossuary  | Gained mutation: Your muscles are strong. (Str +2) [potion of mutation]
  6510 | Ossuary  | Gained mutation: You have a pair of small antennae on your head. [potion of mutation]
  6893 | D:7      | Splashed by a jelly's acid

Vault maps used:
D:1:      onia_arrival_pentagram
D:3:      cheibrodos_greedy_goblins, lemuel_round_altar,
          serial_co_window_serial, co_window_paths_a, co_window_paths_a,
          co_window_paths_a, co_window_corner_a, co_window_of_opportunity_a,
          co_window_paths_a, co_window_paths_b, co_window_cross_2,
          co_window_cross_4, co_window_2corner, co_window_unsneaky_path_e,
          co_window_unsneaky_path_a, glass_columns_a, glass_columns_c,
          glass_columns_c
D:4:      minmay_wonky_spiral
D:5:      first_bread, uniq_sigmund, uniq_blork_the_orc
D:6:      nicolae_gozag_zags_fifth_avenue
D:7:      temple_fountains, enter_ossuary_3, the_bakery, serial_park_tiny_pond
Ossuary:  ossuary_zaba_flooded

Skill      XL: |  1  2  3  4  5  6  7  8  9 |
---------------+----------------------------+-----
Dodging        | 2 |  2.0
Stealth        | 5 6 7 9 10 12 13 | 13.6
Fighting       | 1 3 4 |  4.0
Short Blades   | 3 6 |  6.0
Spellcasting   | 4 |  4.0
Hexes          | 4 |  4.0

Action                   |  1- 3 |  4- 6 |  7- 9 || total
-------------------------+-------+-------+-------++-------
Melee: Dagger            |    50 |    98 |   467 ||   615
 Cast: Ensorcelled Hiber |       |     7 |    11 ||    18
       Confuse           |       |       |    16 ||    16
 Abil: Spit Poison       |    16 |    14 |    11 ||    41
       Evoke Berserk Rag |       |       |     1 ||     1
       Breathe Poison Ga |       |       |     3 ||     3
Evoke: Wand              |       |       |     2 ||     2
  Use: Scroll            |     4 |     1 |     6 ||    11
       Potion            |       |     3 |    10 ||    13
 Stab: Sleeping          |    10 |    10 |    18 ||    38
       Distracted        |       |     1 |     1 ||     2
       Invisible         |       |       |     1 ||     1
       Confused          |       |       |     7 ||     7
  Eat: Chunk             |     1 |     7 |     7 ||    15
       Meat ration       |       |       |     2 ||     2
Armor: Robe              |     9 |    19 |    91 ||   119
       Skin              |       |       |    31 ||    31
Dodge: Dodged            |    23 |    52 |   176 ||   251
